Map: Frost LE

Players

AsWell

  • Race: Protoss Protoss
  • League: Grandmaster

IIIIIIIIIIII (State) - Winner!

  • Race: Protoss Protoss
  • League: Grandmaster

VOD

Have the link to the VOD?

Description

Time

  • Played on: Aug. 4, 2016, 2:57 a.m.
  • Length: 8:45
Show
View Real Time Build Order
Export as new Build Order

AsWell Protoss 

Build Orders:  

Get SALT Encoding   

  12  0:00  Probe (Chrono Boost)  
  13  0:11  Probe (Chrono Boost)  
  14  0:20  Pylon  
  14  0:24  Probe (Chrono Boost)  
  15  0:38  Probe (Chrono Boost), Gateway  
  16  0:48  Assimilator  
  16  0:49  Probe (Chrono Boost)  
  17  1:00  Assimilator, Probe (Chrono Boost)  
  18  1:10  Probe (Chrono Boost)  
  19  1:17  Gateway  
  19  1:21  Probe (Chrono Boost)  
  20  1:27  Cybernetics Core  
  20  1:31  Probe (Chrono Boost)  
  21  1:42  Probe (Chrono Boost)  
  21  1:43  Pylon  
  22  1:53  Probe (Chrono Boost)  
  23  1:55  Warp Gate  
  23  2:03  Stalker  
  23  2:05  Stalker  
  29  2:17  Mothership Core (Chrono Boost)  
  29  2:26  Pylon  
  30  2:37  Probe (Chrono Boost)  
  30  2:44  Stalker x2  
  35  2:58  Probe (Chrono Boost)  
  35  3:14  Nexus  
  34  3:21  Stalker  
  34  3:25  Stalker  
  38  3:31  Probe (Chrono Boost)  
  39  3:45  Robotics Facility  
  39  4:16  Probe (Chrono Boost)  
  38  4:18  Pylon  
  38  4:26  Warp Prism  
  38  4:27  Probe x2 (Chrono Boost)  
  38  4:28  Twilight Council  
  40  4:37  Probe (Chrono Boost)  
  44  4:39  Probe (Chrono Boost), Sentry x2  
  48  4:48  Probe (Chrono Boost)  
  48  4:51  Probe (Chrono Boost)  
  48  4:52  Resonating Glaives  
  50  4:58  Probe (Chrono Boost)  
  51  5:02  Observer  
  51  5:03  Probe (Chrono Boost)  
  53  5:09  Probe (Chrono Boost)  
  53  5:10  Nexus  
  55  5:16  Pylon, Probe (Chrono Boost)  
  55  5:19  Probe (Chrono Boost)  
  57  5:29  Probe (Chrono Boost)  
  57  5:30  Immortal  
  57  5:33  Probe (Chrono Boost)  
  62  5:38  Adept  
  62  5:39  Adept  
  65  5:43  Probe (Chrono Boost)  
  65  5:50  Gateway x2  
  65  5:55  Pylon  
  65  5:56  Pylon  
  66  5:58  Probe (Chrono Boost)  
  66  6:00  Assimilator  
  66  6:09  Gateway  
  66  6:10  Immortal  
  70  6:16  Sentry  
  70  6:17  Gateway  
  73  6:19  Probe (Chrono Boost)  
  73  6:22  Probe (Chrono Boost)  
  73  6:23  Pylon  
  74  6:42  Probe (Chrono Boost)  
  74  6:44  Probe (Chrono Boost)  
  74  6:45  Adept x2  
  80  6:47  Gateway  
  80  6:49  Gateway  
  80  6:52  Pylon  
  80  6:57  Nexus  
  78  7:09  Adept x4  
  84  7:25  Probe (Chrono Boost)  
  84  7:26  Probe (Chrono Boost)  
  86  7:34  Sentry x3  
  86  7:35  Adept x2  
  86  7:36  Adept  
  99  7:38  Probe (Chrono Boost)  
  99  7:45  Adept  
  99  7:49  Pylon  
  101  7:54  Pylon  
  93  8:12  Adept x6  
  91  8:15  Adept x2  
  65  8:34  Adept x5  
Show
View Real Time Build Order
Export as new Build Order

IIIIIIIIIIII Protoss - Winner!

Build Orders:  

Get SALT Encoding   

  12  0:01  Probe (Chrono Boost)  
  13  0:12  Probe (Chrono Boost)  
  14  0:18  Pylon  
  14  0:23  Probe (Chrono Boost)  
  15  0:36  Probe (Chrono Boost)  
  15  0:38  Gateway  
  16  0:43  Assimilator  
  16  0:47  Probe (Chrono Boost)  
  17  0:51  Assimilator  
  17  0:57  Probe (Chrono Boost)  
  18  1:07  Gateway  
  18  1:08  Probe (Chrono Boost)  
  20  1:18  Probe (Chrono Boost)  
  20  1:25  Cybernetics Core  
  20  1:29  Probe (Chrono Boost)  
  21  1:39  Probe (Chrono Boost)  
  22  1:50  Probe (Chrono Boost)  
  23  2:05  Pylon  
  23  2:13  Pylon, Warp Gate  
  23  2:21  Pylon  
  23  2:23  Stalker x2  
  23  2:24  Mothership Core (Chrono Boost)  
  29  2:42  Probe (Chrono Boost)  
  30  2:53  Nexus  
  30  2:55  Pylon  
  30  2:57  Probe (Chrono Boost)  
  31  3:01  Sentry x2  
  35  3:09  Probe (Chrono Boost)  
  36  3:19  Robotics Facility  
  36  3:22  Probe (Chrono Boost)  
  38  3:34  Probe (Chrono Boost), Sentry  
  38  3:35  Stalker  
  42  3:42  Pylon  
  42  3:46  Probe (Chrono Boost)  
  43  4:06  Probe x2 (Chrono Boost)  
  45  4:16  Stalker x2  
  47  4:18  Probe (Chrono Boost)  
  47  4:19  Immortal  
  46  4:28  Probe (Chrono Boost)  
  51  4:33  Twilight Council  
  51  4:34  Probe (Chrono Boost)  
  53  4:40  Probe (Chrono Boost)  
  53  4:45  Probe (Chrono Boost)  
  53  4:52  Probe (Chrono Boost)  
  54  4:54  Forge  
  54  4:55  Probe (Chrono Boost), Warp Prism  
  55  5:03  Blink  
  55  5:04  Probe (Chrono Boost)  
  55  5:06  Probe (Chrono Boost)  
  59  5:07  Pylon  
  59  5:16  Probe (Chrono Boost)  
  59  5:18  Stalker  
  59  5:20  Stalker  
  64  5:28  Pylon  
  64  5:44  Nexus  
  64  5:47  Pylon  
  64  5:48  Immortal  
  64  5:49  Probe x2 (Chrono Boost)  
  66  5:51  Protoss Ground Weapons Level 1  
  70  6:01  Probe x2 (Chrono Boost)  
  70  6:10  Assimilator  
  70  6:13  Probe (Chrono Boost)  
  70  6:14  Probe (Chrono Boost)  
  70  6:16  Stalker  
  70  6:17  Stalker  
  77  6:26  Probe x2 (Chrono Boost)  
  77  6:33  Immortal  
  77  6:38  Probe x2 (Chrono Boost)  
  79  6:48  Gateway  
  79  6:49  Gateway  
  79  6:50  Pylon, Probe (Chrono Boost)  
  79  6:52  Adept  
  79  6:53  Adept  
  84  6:56  Probe (Chrono Boost)  
  84  6:58  Pylon  
  87  7:01  Probe (Chrono Boost)  
  87  7:02  Probe (Chrono Boost)  
  87  7:07  Immortal  
  87  7:08  Probe (Chrono Boost)  
  88  7:12  Probe (Chrono Boost)  
  88  7:14  Probe (Chrono Boost)  
  94  7:20  Probe (Chrono Boost)  
  93  7:24  Stalker x2  
  93  7:32  Gateway  
  93  7:35  Gateway  
  93  7:41  Immortal  
  93  7:46  Pylon x2  
  93  7:49  Adept, Sentry  
  101  7:53  Probe (Chrono Boost)  
  101  7:54  Probe (Chrono Boost)  
  101  7:55  Probe (Chrono Boost)  
  102  8:01  Stalker x2  
  99  8:06  Probe (Chrono Boost)  
  93  8:14  Stalker x2  
  93  8:16  Probe (Chrono Boost)  
  93  8:17  Assimilator  
  93  8:18  Probe (Chrono Boost)  
  93  8:19  Assimilator, Probe (Chrono Boost)  
  96  8:29  Stalker  
  96  8:30  Stalker  
  96  8:32  Probe x2 (Chrono Boost)  
Tags
 
Add a new tag
Caveats
  • Supply blocks, unpowered buildings, or Contaminate may cause inaccurate times.
  • Supply counts are checked every 10 seconds.